San Jose Sharks vs Colorado Rockies
(R1)
Created - Saturday, December 23, 2023 at 07:49
Goals
|
| San Jose Sharks |
1 |
0 |
0 |
1 |
| Colorado Rockies |
2 |
2 |
0 |
4 |
|
Shots
|
| San Jose Sharks |
7 |
10 |
12 |
29 |
| Colorado Rockies |
15 |
14 |
8 |
37 |
|
1st period
1. Colorado Rockies , Kyle Palmieri 1 (Shea Theodore 1, Martin Fehervary 1) at 10:19
2. Colorado Rockies , Dylan Strome 1 (Nick Schmaltz 3, Roman Josi 2) at 11:48
3. San Jose Sharks , Andreas Athanasiou 1 (Nikita Zadorov 1) at 15:42
Penalties :
Jacob Middleton (SJS) for Hooking (Minor) at 1:47, Alex Iafallo (SJS) for Hooking (Minor) at 11:51
2nd period
4. Colorado Rockies , David Pastrnak 4 (Tim Stutzle 1, Kyle Connor 2) at 4:39
5. Colorado Rockies , Tim Stutzle 1 (Zachary Werenski 1, David Pastrnak 3) at 18:23
Penalties :
Quinn Hughes (COL) for High sticking (Minor) at 6:19, Zachary Werenski (COL) for Holding (Minor) at 9:13, Ryan Hartman (SJS) for Goalie Interference (Minor) at 13:46, Nikita Zadorov (SJS) for Cross-checking (Minor) at 18:55
3rd period
No Goal
Penalties :
Nikita Zadorov (SJS) for Hooking (Minor) at 1:50, Connor Murphy (SJS) for Tripping (Minor) at 10:44, Jacob Middleton (SJS) for Tripping (Minor) at 13:09, Anthony Deangelo (SJS) for Tripping (Minor) at 16:06
Goalie Stats
Logan Thompson (SJS), 33 saves from 37 shots - (0.892), L, 1-2-0, 60:00 minutes
Andrei Vasilevskiy (COL), 28 saves from 29 shots - (0.966), W, 2-1-0, 60:00 minutes
Players Stats for San Jose Sharks
Player Name G A P +/- PIM S H SB GA TA FO MP PP MP PK MP
------------------------------------------------------------------------------------
Adam Henrique 0 0 0 -2 0 3 1 3 0 0 12/35 21:28 2:00 8:07
Alex Iafallo 0 0 0 -2 2 2 1 0 0 0 1/1 19:17 2:00 6:43
Andreas Athanasiou 1 0 1 1 0 7 2 1 0 0 1/1 12:13 0:36 0:00
Anthony Deangelo 0 0 0 -1 2 4 2 0 0 0 0/0 25:10 1:27 7:28
Connor Murphy 0 0 0 -1 2 0 2 1 0 1 0/0 17:02 0:00 3:13
Danton Heinen 0 0 0 -1 0 1 0 0 0 0 0/0 7:38 0:36 0:48
Derek Forbort 0 0 0 -1 0 0 0 2 0 2 0/0 15:11 2:31 0:43
Jacob Middleton 0 0 0 -1 4 0 2 2 1 2 0/0 21:19 1:27 6:46
Joel Edmundson 0 0 0 -1 0 0 3 0 0 2 0/0 19:51 0:00 6:45
Michael Bunting 0 0 0 -1 0 1 1 0 0 0 0/1 6:52 0:36 0:00
Mike Hoffman 0 0 0 -1 0 2 0 0 0 0 1/2 7:48 0:00 1:48
Nicholas Paul 0 0 0 1 0 0 1 1 0 0 6/12 11:44 0:00 0:15
Nikita Zadorov 0 1 1 -1 4 2 0 0 0 2 0/0 22:19 2:31 6:49
Oliver Bjorkstrand 0 0 0 -1 0 1 0 0 0 1 0/1 12:28 1:22 0:00
Ryan Hartman 0 0 0 -2 2 1 4 0 0 0 1/1 19:13 2:00 6:33
Ryan Strome 0 0 0 -1 0 1 2 2 1 0 1/1 12:28 1:22 0:00
Travis Boyd 0 0 0 1 0 3 1 0 0 0 0/0 11:23 0:00 0:00
William Karlsson 0 0 0 -1 0 1 2 2 0 0 7/10 20:36 1:22 7:30
Players Stats for Colorado Rockies
Player Name G A P +/- PIM S H SB GA TA FO MP PP MP PK MP
------------------------------------------------------------------------------------
David Pastrnak 1 1 2 2 0 7 2 0 1 0 0/3 20:16 8:18 0:00
Dylan Strome 1 0 1 1 0 3 0 0 0 0 1/1 9:51 0:00 0:26
Evgeny Kuznetsov 0 0 0 1 0 1 0 1 1 0 2/4 10:18 0:00 1:14
Jesper Bratt 0 0 0 0 0 3 1 0 5 0 0/1 9:45 0:00 0:28
Kevin Hayes 0 0 0 0 0 2 0 0 0 0 2/8 10:08 0:00 0:00
Kyle Connor 0 1 1 2 0 2 1 1 2 0 1/1 18:14 7:34 0:00
Kyle Palmieri 1 0 1 0 0 1 1 0 0 0 0/0 10:08 0:00 0:00
Martin Fehervary 0 1 1 2 0 1 0 0 0 0 0/0 12:28 0:00 1:50
Nick Bonino 0 0 0 0 0 0 0 0 0 0 0/0 12:00 0:00 1:52
Nick Schmaltz 0 1 1 1 0 6 0 0 0 0 0/0 19:28 8:18 1:06
Nikita Kucherov 0 0 0 0 0 4 2 0 0 0 0/1 16:04 7:34 0:00
Quinn Hughes 0 0 0 0 2 1 0 4 0 0 0/0 25:38 8:31 1:10
Roman Josi 0 1 1 1 0 0 3 1 0 0 0/0 23:32 7:21 2:08
Ryan O'Reilly 0 0 0 0 0 2 0 0 0 1 15/20 20:11 8:18 1:56
Shea Theodore 0 1 1 2 0 0 0 3 0 0 0/0 19:27 7:21 0:09
Tim Stutzle 1 1 2 2 0 3 2 0 1 0 14/26 19:09 7:34 0:54
Victor Hedman 0 0 0 0 0 1 2 2 0 0 0/0 26:28 8:31 1:41
Zachary Werenski 0 1 1 1 2 0 0 0 0 1 0/0 12:55 0:00 0:58
3 Stars
1 - David Pastrnak (COL)
2 - Tim Stutzle (COL)
3 - Andrei Vasilevskiy (COL)
Power Play
San Jose Sharks - 0 on 2 Attempt(s) - 0.00%
Colorado Rockies - 0 on 8 Attempt(s) - 0.00%
Penalty Kill
San Jose Sharks - 8 on 8 Attempt(s) - 100.00%
- Score 0 goal in Penalty Kill
Colorado Rockies - 2 on 2 Attempt(s) - 100.00%
- Score 0 goal in Penalty Kill
Team Stat
San Jose Sharks - Hits : 24 - Faceoff Wins : 30 - Blocked Shots : 14 - Penalty Minutes : 16
Colorado Rockies - Hits : 14 - Faceoff Wins : 35 - Blocked Shots : 12 - Penalty Minutes : 4
Official
Referees : Garrett Rank and Kendrick Nicholson
Linesman : Vaughan Rody and Thor Nelson
Game Notes
No Game Note
Finance
Level 1 -- Attendance: 6000 (100.00%) -- Ticket Income $540,000
Level 2 -- Attendance: 5000 (100.00%) -- Ticket Income $275,000
Level 3 -- Attendance: 2632 (87.73%) -- Ticket Income $92,120
Level 4 -- Attendance: 4303 (86.06%) -- Ticket Income $107,575
Luxury Box -- Attendance: 1000 (100.00%) -- Ticket Income $175,000
Game was played at the Pepsi Center.
Total Attendance: 18935 (94.68%)
Total Ticket Income: $1,189,695
Other Income: $416,393
Total Income: $1,606,088
San Jose Sharks
5 vs 5 Forward
Center Left Wing Right Wing Time % Phy DF OF
1 Adam Henrique Alex Iafallo Ryan Hartman 30 1 2 2
2 William Karlsson Oliver Bjorkstrand Ryan Strome 30 1 2 2
3 Nicholas Paul Andreas Athanasiou Travis Boyd 25 1 2 2
4 Mike Hoffman Michael Bunting Danton Heinen 15 1 2 2
5 vs 5 Defense
Defense Defense Time % Phy DF OF
1 Derek Forbort Nikita Zadorov 35 1 2 2
2 Joel Edmundson Anthony Deangelo 35 1 2 2
3 Jacob Middleton Connor Murphy 30 1 2 2
4 Derek Forbort Joel Edmundson 0 1 2 2
PowerPlay Forward
Center Left Wing Right Wing Time % Phy DF OF
1 Adam Henrique Alex Iafallo Ryan Hartman 50 1 2 2
2 William Karlsson Oliver Bjorkstrand Ryan Strome 50 1 2 2
PowerPlay Defense
Defense Defense Time % Phy DF OF
1 Derek Forbort Nikita Zadorov 50 1 2 2
2 Jacob Middleton Anthony Deangelo 50 1 2 2
Penalty Kill 4 Players Forward
Center Wing Time % Phy DF OF
1 Adam Henrique William Karlsson 50 1 2 2
2 Alex Iafallo Ryan Hartman 50 1 2 2
Penalty Kill 4 Players Defense
Defense Defense Time % Phy DF OF
1 Anthony Deangelo Nikita Zadorov 50 1 2 2
2 Jacob Middleton Joel Edmundson 50 1 2 2
Penalty Kill - 3 Players Forward
Forward Time % Phy DF OF
1 Adam Henrique 50 1 2 2
2 William Karlsson 50 1 2 2
Penalty Kill - 3 Players Defense
Defense Defense Time % Phy DF OF
1 Derek Forbort Jacob Middleton 50 1 2 2
2 Nikita Zadorov Anthony Deangelo 50 1 2 2
4 vs 4 Forward
Center Wing Time % Phy DF OF
1 Adam Henrique William Karlsson 50 1 2 2
2 Alex Iafallo Ryan Hartman 50 1 2 2
4 vs 4 Defense
Defense Defense Time % Phy DF OF
1 Nikita Zadorov Joel Edmundson 50 1 2 2
2 Anthony Deangelo Jacob Middleton 50 1 2 2
Last Minutes Offensive
Center Left Wing Right Wing Defense Defense
Adam Henrique Alex Iafallo Ryan Hartman Derek Forbort Nikita Zadorov
Last Minutes Defensive
Center Left Wing Right Wing Defense Defense
Adam Henrique Alex Iafallo Ryan Hartman Derek Forbort Nikita Zadorov
Goaltenders
Starting : Logan Thompson
Backup : James Reimer
Extra Forwards
Normal : Michael Bunting, Andreas Athanasiou, Mike Hoffman - PP : Michael Bunting, Andreas Athanasiou - PK : Mike Hoffman
Extra Defensemen
Normal : Nikita Zadorov, Jacob Middleton, Anthony Deangelo - PP : Nikita Zadorov - PK : Jacob Middleton, Nikita Zadorov
Penalty Shots
Adam Henrique, William Karlsson, Alex Iafallo, Ryan Hartman, Ryan Strome
Colorado Rockies
5 vs 5 Forward
Center Left Wing Right Wing Time % Phy DF OF
1 Tim Stutzle Kyle Connor David Pastrnak 30 1 2 2
2 Ryan O'Reilly Jesper Bratt Nikita Kucherov 30 1 2 2
3 Evgeny Kuznetsov Dylan Strome Nick Schmaltz 25 1 2 2
4 Kevin Hayes Nick Bonino Kyle Palmieri 15 1 2 2
5 vs 5 Defense
Defense Defense Time % Phy DF OF
1 Victor Hedman Quinn Hughes 40 1 2 2
2 Roman Josi Zachary Werenski 34 1 2 2
3 Martin Fehervary Shea Theodore 25 1 2 2
4 Victor Hedman Quinn Hughes 1 1 2 2
PowerPlay Forward
Center Left Wing Right Wing Time % Phy DF OF
1 Tim Stutzle Kyle Connor Nikita Kucherov 50 1 2 2
2 Ryan O'Reilly Nick Schmaltz David Pastrnak 50 1 2 2
PowerPlay Defense
Defense Defense Time % Phy DF OF
1 Victor Hedman Quinn Hughes 50 1 2 2
2 Roman Josi Shea Theodore 50 1 2 2
Penalty Kill 4 Players Forward
Center Wing Time % Phy DF OF
1 Ryan O'Reilly Nick Bonino 50 1 2 2
2 Evgeny Kuznetsov Nick Schmaltz 50 1 2 2
Penalty Kill 4 Players Defense
Defense Defense Time % Phy DF OF
1 Victor Hedman Martin Fehervary 50 1 2 2
2 Zachary Werenski Roman Josi 50 1 2 2
Penalty Kill - 3 Players Forward
Forward Time % Phy DF OF
1 Nick Bonino 50 1 2 2
2 Ryan O'Reilly 50 1 2 2
Penalty Kill - 3 Players Defense
Defense Defense Time % Phy DF OF
1 Victor Hedman Martin Fehervary 50 1 2 2
2 Roman Josi Zachary Werenski 50 1 2 2
4 vs 4 Forward
Center Wing Time % Phy DF OF
1 Tim Stutzle David Pastrnak 50 1 2 2
2 Ryan O'Reilly Kyle Connor 50 1 2 2
4 vs 4 Defense
Defense Defense Time % Phy DF OF
1 Victor Hedman Quinn Hughes 50 1 2 2
2 Roman Josi Shea Theodore 50 1 2 2
Last Minutes Offensive
Center Left Wing Right Wing Defense Defense
Ryan O'Reilly Kyle Connor David Pastrnak Victor Hedman Quinn Hughes
Last Minutes Defensive
Center Left Wing Right Wing Defense Defense
Ryan O'Reilly Kyle Connor David Pastrnak Victor Hedman Quinn Hughes
Goaltenders
Starting : Andrei Vasilevskiy
Backup : Ilya Samsonov
Extra Forwards
Normal : Nick Schmaltz, Evgeny Kuznetsov, Dylan Strome - PP : Nick Schmaltz, Evgeny Kuznetsov - PK : Dylan Strome
Extra Defensemen
Normal : Martin Fehervary, Quinn Hughes, Roman Josi - PP : Martin Fehervary - PK : Quinn Hughes, Roman Josi
Penalty Shots
Nikita Kucherov, Evgeny Kuznetsov, Kevin Hayes, Nick Schmaltz, Tim Stutzle
% Time on Ice - San Jose Sharks
Lines # - Real PCT - Wanted PCT - Time Play
Normal Forward
1 - 30% - 30% - 11:53
2 - 28% - 30% - 11:06
3 - 28% - 25% - 11:23
4 - 14% - 15% - 5:48
Normal Defense
1 - 35% - 35% - 13:57
2 - 34% - 35% - 13:33
3 - 31% - 30% - 12:19
4 - 1% - 0% - 0:21
PP Forward
1 - 66% - 50% - 2:36
2 - 34% - 50% - 1:22
PP Defense
1 - 63% - 50% - 2:31
2 - 37% - 50% - 1:27
PK Forward
1 - 49% - 50% - 7:42
2 - 51% - 50% - 8:10
PK Defense
1 - 52% - 50% - 8:17
2 - 48% - 50% - 7:35
PK3 Forward
1 - 0% - 50%
2 - 0% - 50%
PK3 Defense
1 - 0% - 50%
2 - 0% - 50%
44 Forward
1 - 0% - 50%
2 - 0% - 50%
44 Defense
1 - 0% - 50%
2 - 0% - 50%
Last Minute Offensive - 0:00
Last Minute Defensive - 0:00
Total
Forward - 60:00
Defense - 60:00
|
% Time on Ice - Colorado Rockies
Lines # - Real PCT - Wanted PCT - Time Play
Normal Forward
1 - 27% - 30% - 10:41
2 - 26% - 30% - 10:26
3 - 22% - 25% - 8:55
4 - 25% - 15% - 10:08
Normal Defense
1 - 40% - 40% - 16:16
2 - 35% - 34% - 14:04
3 - 24% - 25% - 9:50
4 - 0% - 1% - 0:00
PP Forward
1 - 48% - 50% - 7:34
2 - 52% - 50% - 8:18
PP Defense
1 - 54% - 50% - 8:31
2 - 46% - 50% - 7:21
PK Forward
1 - 51% - 50% - 2:02
2 - 49% - 50% - 1:56
PK Defense
1 - 42% - 50% - 1:41
2 - 58% - 50% - 2:17
PK3 Forward
1 - 0% - 50%
2 - 0% - 50%
PK3 Defense
1 - 0% - 50%
2 - 0% - 50%
44 Forward
1 - 0% - 50%
2 - 0% - 50%
44 Defense
1 - 0% - 50%
2 - 0% - 50%
Last Minute Offensive - 0:00
Last Minute Defensive - 0:00
Total
Forward - 60:00
Defense - 60:00
|
Play-by-Play
1st period
0:01 of 1st period - Adam Henrique wins face-off versus David Pastrnak in neutral zone.
0:06 of 1st period - Snap shot by Alex Iafallo.
0:06 of 1st period - Shot Misses the Net.
1:21 of 1st period - Nick Bonino is hit by Michael Bunting.
1:25 of 1st period - Wrist shot by Kyle Palmieri.
1:25 of 1st period - Shot Misses the Net.
1:45 of 1st period - Wrist shot by David Pastrnak.
1:45 of 1st period - Shot Blocked by Jacob Middleton.
1:47 of 1st period - Minor Penalty to Jacob Middleton for Hooking.
1:48 of 1st period - Adam Henrique wins face-off versus Tim Stutzle in San Jose Sharks zone.
2:43 of 1st period - Roman Josi is hit by William Karlsson.
2:59 of 1st period - William Karlsson is hit by Roman Josi and loses puck.
3:47 of 1st period - Penalty to Jacob Middleton is over, Jacob Middleton is back on ice.
3:50 of 1st period - Backhand shot by Adam Henrique.
3:50 of 1st period - Stopped by Andrei Vasilevskiy with a rebound.
3:52 of 1st period - Slapshot by Adam Henrique.
3:52 of 1st period - Shot Blocked by Quinn Hughes.
3:54 of 1st period - Wrist shot by Nikita Zadorov.
3:54 of 1st period - Deflect By Quinn Hughes.
3:54 of 1st period - Stopped by Andrei Vasilevskiy without a rebound.
3:55 of 1st period - Nicholas Paul wins face-off versus Kevin Hayes in Colorado Rockies zone.
4:46 of 1st period - Joel Edmundson is hit by Jesper Bratt and loses puck.
5:01 of 1st period - Wrist shot by Alex Iafallo.
5:01 of 1st period - Stopped by Andrei Vasilevskiy without a rebound.
5:02 of 1st period - Adam Henrique wins face-off versus Tim Stutzle in Colorado Rockies zone.
5:05 of 1st period - Snap shot by Adam Henrique.
5:05 of 1st period - Stopped by Andrei Vasilevskiy without a rebound.
5:06 of 1st period - Ryan O'Reilly wins face-off versus Nicholas Paul in Colorado Rockies zone.
5:33 of 1st period - Snap shot by Kyle Connor.
5:33 of 1st period - Shot Blocked by Ryan Strome.
5:35 of 1st period - Wrist shot by Quinn Hughes.
5:35 of 1st period - Shot Blocked by William Karlsson.
5:39 of 1st period - Wrist shot by Kyle Connor.
5:39 of 1st period - Shot Misses the Net.
5:41 of 1st period - Slapshot by Victor Hedman.
5:41 of 1st period - Stopped by Logan Thompson without a rebound.
5:42 of 1st period - Evgeny Kuznetsov wins face-off versus Adam Henrique in San Jose Sharks zone.
5:52 of 1st period - Off-side.
5:53 of 1st period - William Karlsson wins face-off versus Ryan O'Reilly in neutral zone.
6:05 of 1st period - Off-side.
6:06 of 1st period - Tim Stutzle wins face-off versus Adam Henrique in neutral zone.
6:39 of 1st period - Snap shot by Andreas Athanasiou.
6:39 of 1st period - Stopped by Andrei Vasilevskiy with a rebound.
6:45 of 1st period - Slapshot by Andreas Athanasiou.
6:45 of 1st period - Shot Misses the Net.
7:02 of 1st period - Snap shot by Oliver Bjorkstrand.
7:02 of 1st period - Stopped by Andrei Vasilevskiy with a rebound.
7:04 of 1st period - Slapshot by Nikita Zadorov.
7:04 of 1st period - Shot Misses the Net.
7:20 of 1st period - Snap shot by Kevin Hayes.
7:20 of 1st period - Deflect By Anthony Deangelo.
7:20 of 1st period - Stopped by Logan Thompson without a rebound.
7:21 of 1st period - Adam Henrique wins face-off versus Kevin Hayes in San Jose Sharks zone.
7:21 of 1st period - Adam Henrique is hit by Victor Hedman.
7:29 of 1st period - Wrist shot by Ryan Hartman.
7:29 of 1st period - Shot Blocked by Quinn Hughes.
7:53 of 1st period - Wrist shot by Kyle Palmieri.
7:53 of 1st period - Shot Misses the Net.
7:55 of 1st period - Slapshot by Shea Theodore.
7:55 of 1st period - Shot Blocked by Adam Henrique.
7:57 of 1st period - Slapshot by Martin Fehervary.
7:57 of 1st period - Stopped by Logan Thompson without a rebound.
7:58 of 1st period - Tim Stutzle wins face-off versus William Karlsson in San Jose Sharks zone.
8:29 of 1st period - Slapshot by Nikita Kucherov.
8:29 of 1st period - Stopped by Logan Thompson with a rebound.
8:31 of 1st period - Slapshot by Victor Hedman.
8:31 of 1st period - Shot Blocked by Nicholas Paul.
8:33 of 1st period - Slapshot by Jesper Bratt.
8:33 of 1st period - Shot Misses the Net.
8:53 of 1st period - Snap shot by Dylan Strome.
8:53 of 1st period - Shot Misses the Net.
9:47 of 1st period - Nick Bonino is hit by William Karlsson and loses puck.
10:06 of 1st period - Nick Bonino is hit by Ryan Hartman and loses puck.
10:15 of 1st period - Snap shot by Kyle Palmieri.
10:15 of 1st period - Shot Misses the Net.
10:17 of 1st period - Wrist shot by Martin Fehervary.
10:17 of 1st period - Shot Blocked by Adam Henrique.
10:19 of 1st period - Slapshot by Shea Theodore.
10:19 of 1st period - Deflect By Kyle Palmieri.
10:19 of 1st period - Goal by Kyle Palmieri - San Jose Sharks : 0 - Colorado Rockies : 1.
10:20 of 1st period - Andreas Athanasiou wins face-off versus David Pastrnak in neutral zone.
10:38 of 1st period - Icing by Tim Stutzle.
10:39 of 1st period - William Karlsson wins face-off versus Tim Stutzle in Colorado Rockies zone.
10:46 of 1st period - Snap shot by William Karlsson.
10:46 of 1st period - Shot Misses the Net.
10:58 of 1st period - Snap shot by Kyle Connor.
10:58 of 1st period - Stopped by Logan Thompson without a rebound.
10:59 of 1st period - Ryan O'Reilly wins face-off versus Nicholas Paul in San Jose Sharks zone.
11:28 of 1st period - Icing by Quinn Hughes.
11:29 of 1st period - Evgeny Kuznetsov wins face-off versus Oliver Bjorkstrand in Colorado Rockies zone.
11:46 of 1st period - Slapshot by Nick Schmaltz.
11:46 of 1st period - Deflect By Dylan Strome.
11:46 of 1st period - Stopped by Logan Thompson with a rebound.
11:48 of 1st period - Snap shot by Dylan Strome.
11:48 of 1st period - Goal by Dylan Strome - San Jose Sharks : 0 - Colorado Rockies : 2.
11:49 of 1st period - Adam Henrique wins face-off versus Ryan O'Reilly in neutral zone.
11:51 of 1st period - Minor Penalty to Alex Iafallo for Hooking.
11:52 of 1st period - Ryan O'Reilly wins face-off versus Adam Henrique in San Jose Sharks zone.
11:52 of 1st period - Wrist shot by David Pastrnak.
11:52 of 1st period - Stopped by Logan Thompson with a rebound.
11:54 of 1st period - Snap shot by Ryan O'Reilly.
11:54 of 1st period - Shot Misses the Net.
11:56 of 1st period - Slapshot by Ryan O'Reilly.
11:56 of 1st period - Stopped by Logan Thompson with a rebound.
13:51 of 1st period - Penalty to Alex Iafallo is over, Alex Iafallo is back on ice.
14:24 of 1st period - Nick Bonino is hit by Connor Murphy and loses puck.
14:45 of 1st period - Shea Theodore is hit by Joel Edmundson and loses puck.
14:58 of 1st period - Roman Josi is hit by Ryan Strome and loses puck.
15:11 of 1st period - Quinn Hughes is hit by Ryan Hartman.
15:37 of 1st period - Victor Hedman is hit by Andreas Athanasiou and loses puck.
15:42 of 1st period - Snap shot by Andreas Athanasiou.
15:42 of 1st period - Goal by Andreas Athanasiou - San Jose Sharks : 1 - Colorado Rockies : 2.
15:43 of 1st period - Tim Stutzle wins face-off versus Adam Henrique in neutral zone.
15:45 of 1st period - Off-side.
15:46 of 1st period - Adam Henrique wins face-off versus Tim Stutzle in neutral zone.
16:19 of 1st period - Snap shot by Jesper Bratt.
16:19 of 1st period - Shot Blocked by William Karlsson.
17:05 of 1st period - Snap shot by Kevin Hayes.
17:05 of 1st period - Shot Blocked by Derek Forbort.
17:19 of 1st period - Derek Forbort is hit by Kyle Connor and loses puck.
18:17 of 1st period - Slapshot by Nick Schmaltz.
18:17 of 1st period - Stopped by Logan Thompson with a rebound.
18:33 of 1st period - Snap shot by Kyle Connor.
18:33 of 1st period - Stopped by Logan Thompson without a rebound.
18:34 of 1st period - Ryan Hartman wins face-off versus Tim Stutzle in San Jose Sharks zone.
18:42 of 1st period - Icing by Anthony Deangelo.
18:43 of 1st period - Ryan O'Reilly wins face-off versus Adam Henrique in San Jose Sharks zone.
18:44 of 1st period - Slapshot by Nikita Kucherov.
18:44 of 1st period - Stopped by Logan Thompson without a rebound.
18:45 of 1st period - Adam Henrique wins face-off versus Jesper Bratt in San Jose Sharks zone.
18:50 of 1st period - Snap shot by Ryan Hartman.
18:50 of 1st period - Shot Blocked by Victor Hedman.
18:53 of 1st period - Icing by Victor Hedman.
18:54 of 1st period - Adam Henrique wins face-off versus Nikita Kucherov in Colorado Rockies zone.
19:13 of 1st period - Wrist shot by Jesper Bratt.
19:13 of 1st period - Shot Misses the Net.
19:19 of 1st period - Wrist shot by Jesper Bratt.
19:19 of 1st period - Stopped by Logan Thompson with a rebound.
19:21 of 1st period - Slapshot by Nikita Kucherov.
19:21 of 1st period - Stopped by Logan Thompson with a rebound.
Goals for this period are 1 for San Jose Sharks vs 2 for Colorado Rockies.
Shots for this period are 7 for San Jose Sharks vs 15 for Colorado Rockies.
2nd period
0:01 of 2nd period - William Karlsson wins face-off versus Tim Stutzle in neutral zone.
0:28 of 2nd period - Snap shot by Oliver Bjorkstrand.
0:28 of 2nd period - Shot Blocked by Shea Theodore.
0:30 of 2nd period - Snap shot by Travis Boyd.
0:30 of 2nd period - Shot Misses the Net.
0:32 of 2nd period - Snap shot by Travis Boyd.
0:32 of 2nd period - Shot Misses the Net.
0:34 of 2nd period - Slapshot by Andreas Athanasiou.
0:34 of 2nd period - Stopped by Andrei Vasilevskiy without a rebound.
0:35 of 2nd period - Mike Hoffman wins face-off versus Tim Stutzle in Colorado Rockies zone.
0:48 of 2nd period - Snap shot by Tim Stutzle.
0:48 of 2nd period - Shot Misses the Net.
0:56 of 2nd period - Wrist shot by Oliver Bjorkstrand.
0:56 of 2nd period - Shot Hit the Post.
0:58 of 2nd period - Wrist shot by Oliver Bjorkstrand.
0:58 of 2nd period - Shot Misses the Net.
1:00 of 2nd period - Slapshot by Anthony Deangelo.
1:00 of 2nd period - Stopped by Andrei Vasilevskiy without a rebound.
1:01 of 2nd period - William Karlsson wins face-off versus Evgeny Kuznetsov in Colorado Rockies zone.
1:50 of 2nd period - Snap shot by Oliver Bjorkstrand.
1:50 of 2nd period - Shot Blocked by Evgeny Kuznetsov.
2:00 of 2nd period - Wrist shot by Nick Schmaltz.
2:00 of 2nd period - Stopped by Logan Thompson with a rebound.
2:02 of 2nd period - Snap shot by Nick Schmaltz.
2:02 of 2nd period - Stopped by Logan Thompson with a rebound.
2:04 of 2nd period - Wrist shot by Dylan Strome.
2:04 of 2nd period - Stopped by Logan Thompson with a rebound.
3:18 of 2nd period - Slapshot by Evgeny Kuznetsov.
3:18 of 2nd period - Stopped by Logan Thompson with a rebound.
4:25 of 2nd period - Off-side.
4:26 of 2nd period - Tim Stutzle wins face-off versus Adam Henrique in neutral zone.
4:37 of 2nd period - Backhand shot by David Pastrnak.
4:37 of 2nd period - Stopped by Logan Thompson with a rebound.
4:39 of 2nd period - Wrist shot by David Pastrnak.
4:39 of 2nd period - Goal by David Pastrnak - San Jose Sharks : 1 - Colorado Rockies : 3.
4:40 of 2nd period - Tim Stutzle wins face-off versus Nicholas Paul in neutral zone.
4:45 of 2nd period - Nicholas Paul is hit by David Pastrnak and loses puck.
4:52 of 2nd period - Kyle Connor is hit by Andreas Athanasiou and loses puck.
5:29 of 2nd period - Slapshot by Michael Bunting.
5:29 of 2nd period - Deflect By Mike Hoffman.
5:29 of 2nd period - Stopped by Andrei Vasilevskiy with a rebound.
5:31 of 2nd period - Slapshot by Danton Heinen.
5:31 of 2nd period - Stopped by Andrei Vasilevskiy without a rebound.
5:32 of 2nd period - Tim Stutzle wins face-off versus Adam Henrique in Colorado Rockies zone.
5:32 of 2nd period - Tim Stutzle is hit by Alex Iafallo.
5:38 of 2nd period - Alex Iafallo is hit by Tim Stutzle and loses puck.
5:45 of 2nd period - Wrist shot by Tim Stutzle.
5:45 of 2nd period - Stopped by Logan Thompson with a rebound.
5:59 of 2nd period - Martin Fehervary is hit by Travis Boyd and loses puck.
6:04 of 2nd period - Wrist shot by Andreas Athanasiou.
6:04 of 2nd period - Stopped by Andrei Vasilevskiy with a rebound.
6:06 of 2nd period - Slapshot by Travis Boyd.
6:06 of 2nd period - Stopped by Andrei Vasilevskiy with a rebound.
6:08 of 2nd period - Slapshot by Travis Boyd.
6:08 of 2nd period - Stopped by Andrei Vasilevskiy without a rebound.
6:09 of 2nd period - Nicholas Paul wins face-off versus Tim Stutzle in Colorado Rockies zone.
6:19 of 2nd period - Minor Penalty to Quinn Hughes for High sticking.
6:20 of 2nd period - Adam Henrique wins face-off versus Ryan O'Reilly in Colorado Rockies zone.
8:13 of 2nd period - Off-side.
8:14 of 2nd period - Dylan Strome wins face-off versus Michael Bunting in neutral zone.
8:19 of 2nd period - Penalty to Quinn Hughes is over, Quinn Hughes is back on ice.
8:43 of 2nd period - Slapshot by Anthony Deangelo.
8:43 of 2nd period - Shot Misses the Net.
9:13 of 2nd period - Minor Penalty to Zachary Werenski for Holding.
9:14 of 2nd period - Ryan O'Reilly wins face-off versus William Karlsson in Colorado Rockies zone.
9:25 of 2nd period - Snap shot by Ryan Strome.
9:25 of 2nd period - Shot Misses the Net.
11:13 of 2nd period - Penalty to Zachary Werenski is over, Zachary Werenski is back on ice.
11:26 of 2nd period - Snap shot by Andreas Athanasiou.
11:26 of 2nd period - Deflect By Travis Boyd.
11:26 of 2nd period - Shot Blocked by Shea Theodore.
11:26 of 2nd period - Puck is out of play.
11:27 of 2nd period - Tim Stutzle wins face-off versus Nicholas Paul in Colorado Rockies zone.
11:34 of 2nd period - Snap shot by Travis Boyd.
11:34 of 2nd period - Stopped by Andrei Vasilevskiy without a rebound.
11:35 of 2nd period - Tim Stutzle wins face-off versus Nicholas Paul in Colorado Rockies zone.
11:55 of 2nd period - Kyle Connor is hit by Jacob Middleton and loses puck.
11:59 of 2nd period - Icing by Tim Stutzle.
12:00 of 2nd period - Kyle Connor wins face-off versus Adam Henrique in Colorado Rockies zone.
12:13 of 2nd period - Snap shot by David Pastrnak.
12:13 of 2nd period - Stopped by Logan Thompson without a rebound.
12:14 of 2nd period - Ryan O'Reilly wins face-off versus Adam Henrique in San Jose Sharks zone.
12:25 of 2nd period - Snap shot by Jesper Bratt.
12:25 of 2nd period - Shot Blocked by Derek Forbort.
12:27 of 2nd period - Snap shot by Jesper Bratt.
12:27 of 2nd period - Stopped by Logan Thompson without a rebound.
12:28 of 2nd period - Adam Henrique wins face-off versus Ryan O'Reilly in San Jose Sharks zone.
13:28 of 2nd period - Snap shot by Michael Bunting.
13:28 of 2nd period - Stopped by Andrei Vasilevskiy without a rebound.
13:29 of 2nd period - Ryan O'Reilly wins face-off versus Adam Henrique in Colorado Rockies zone.
13:29 of 2nd period - Ryan O'Reilly is hit by Adam Henrique.
13:46 of 2nd period - Minor Penalty to Ryan Hartman for Goalie Interference.
13:47 of 2nd period - Adam Henrique wins face-off versus Tim Stutzle in San Jose Sharks zone.
14:24 of 2nd period - Snap shot by David Pastrnak.
14:24 of 2nd period - Stopped by Logan Thompson with a rebound.
14:26 of 2nd period - Slapshot by Nick Schmaltz.
14:26 of 2nd period - Stopped by Logan Thompson without a rebound.
14:27 of 2nd period - Ryan O'Reilly wins face-off versus Adam Henrique in San Jose Sharks zone.
15:34 of 2nd period - Joel Edmundson is hit by Nikita Kucherov and loses puck.
15:46 of 2nd period - Penalty to Ryan Hartman is over, Ryan Hartman is back on ice.
16:09 of 2nd period - Anthony Deangelo is hit by Kyle Palmieri and loses puck.
16:20 of 2nd period - Snap shot by Nick Schmaltz.
16:20 of 2nd period - Stopped by Logan Thompson with a rebound.
16:52 of 2nd period - Slapshot by Anthony Deangelo.
16:52 of 2nd period - Shot Blocked by Shea Theodore.
17:06 of 2nd period - Snap shot by Anthony Deangelo.
17:06 of 2nd period - Stopped by Andrei Vasilevskiy without a rebound.
17:07 of 2nd period - Tim Stutzle wins face-off versus Mike Hoffman in Colorado Rockies zone.
17:42 of 2nd period - Snap shot by Tim Stutzle.
17:42 of 2nd period - Shot Misses the Net.
18:06 of 2nd period - Danton Heinen is hit by Tim Stutzle and loses puck.
18:19 of 2nd period - Snap shot by Tim Stutzle.
18:19 of 2nd period - Deflect By David Pastrnak.
18:19 of 2nd period - Stopped by Logan Thompson with a rebound.
18:21 of 2nd period - Slapshot by Zachary Werenski.
18:21 of 2nd period - Shot Blocked by Jacob Middleton.
18:23 of 2nd period - Snap shot by Tim Stutzle.
18:23 of 2nd period - Goal by Tim Stutzle - San Jose Sharks : 1 - Colorado Rockies : 4.
18:24 of 2nd period - Ryan O'Reilly wins face-off versus Adam Henrique in neutral zone.
18:55 of 2nd period - Minor Penalty to Nikita Zadorov for Cross-checking.
18:56 of 2nd period - Ryan O'Reilly wins face-off versus Adam Henrique in San Jose Sharks zone.
19:20 of 2nd period - Nikita Kucherov is hit by Ryan Hartman and loses puck.
19:25 of 2nd period - Snap shot by Ryan Hartman.
19:25 of 2nd period - Shot Blocked by Kyle Connor.
Goals for this period are 0 for San Jose Sharks vs 2 for Colorado Rockies.
Shots for this period are 10 for San Jose Sharks vs 14 for Colorado Rockies.
3rd period
0:01 of 3rd period - Tim Stutzle wins face-off versus Adam Henrique in neutral zone.
0:55 of 3rd period - Penalty to Nikita Zadorov is over, Nikita Zadorov is back on ice.
1:50 of 3rd period - Minor Penalty to Nikita Zadorov for Hooking.
1:51 of 3rd period - Tim Stutzle wins face-off versus Adam Henrique in San Jose Sharks zone.
2:06 of 3rd period - Snap shot by Ryan Hartman.
2:06 of 3rd period - Stopped by Andrei Vasilevskiy without a rebound.
2:07 of 3rd period - Ryan O'Reilly wins face-off versus Adam Henrique in Colorado Rockies zone.
2:34 of 3rd period - Victor Hedman is hit by Anthony Deangelo and loses puck.
2:43 of 3rd period - Snap shot by Alex Iafallo.
2:43 of 3rd period - Deflect By Tim Stutzle.
2:43 of 3rd period - Stopped by Andrei Vasilevskiy without a rebound.
2:44 of 3rd period - Ryan O'Reilly wins face-off versus Adam Henrique in Colorado Rockies zone.
3:15 of 3rd period - William Karlsson is hit by Nikita Kucherov and loses puck.
3:20 of 3rd period - Snap shot by Nikita Kucherov.
3:20 of 3rd period - Stopped by Logan Thompson with a rebound.
3:22 of 3rd period - Slapshot by Roman Josi.
3:22 of 3rd period - Deflect By Kyle Connor.
3:22 of 3rd period - Shot Misses the Net.
3:22 of 3rd period - Puck is out of play.
3:23 of 3rd period - Alex Iafallo wins face-off versus David Pastrnak in San Jose Sharks zone.
3:39 of 3rd period - Quinn Hughes is hit by Ryan Hartman and loses puck.
3:50 of 3rd period - Penalty to Nikita Zadorov is over, Nikita Zadorov is back on ice.
4:03 of 3rd period - Snap shot by David Pastrnak.
4:03 of 3rd period - Shot Blocked by Andreas Athanasiou.
4:19 of 3rd period - Wrist shot by Ryan O'Reilly.
4:19 of 3rd period - Stopped by Logan Thompson with a rebound.
4:40 of 3rd period - Wrist shot by Nick Schmaltz.
4:40 of 3rd period - Stopped by Logan Thompson without a rebound.
4:41 of 3rd period - Adam Henrique wins face-off versus Kevin Hayes in San Jose Sharks zone.
4:50 of 3rd period - Snap shot by Adam Henrique.
4:50 of 3rd period - Stopped by Andrei Vasilevskiy without a rebound.
4:51 of 3rd period - Kevin Hayes wins face-off versus Adam Henrique in Colorado Rockies zone.
5:29 of 3rd period - Slapshot by Shea Theodore.
5:29 of 3rd period - Shot Blocked by Connor Murphy.
6:34 of 3rd period - Off-side.
6:35 of 3rd period - William Karlsson wins face-off versus Tim Stutzle in neutral zone.
6:37 of 3rd period - Off-side.
6:38 of 3rd period - Ryan Strome wins face-off versus Tim Stutzle in neutral zone.
6:38 of 3rd period - William Karlsson is hit by David Pastrnak and loses puck.
6:43 of 3rd period - Slapshot by Joel Edmundson.
6:43 of 3rd period - Shot Blocked by Victor Hedman.
6:45 of 3rd period - Snap shot by Ryan Strome.
6:45 of 3rd period - Stopped by Andrei Vasilevskiy without a rebound.
6:46 of 3rd period - Ryan O'Reilly wins face-off versus William Karlsson in Colorado Rockies zone.
6:51 of 3rd period - Quinn Hughes is hit by Ryan Strome.
7:15 of 3rd period - Backhand shot by Travis Boyd.
7:15 of 3rd period - Shot Misses the Net.
7:17 of 3rd period - Slapshot by Anthony Deangelo.
7:17 of 3rd period - Stopped by Andrei Vasilevskiy without a rebound.
7:18 of 3rd period - Nicholas Paul wins face-off versus Tim Stutzle in Colorado Rockies zone.
7:27 of 3rd period - Snap shot by Andreas Athanasiou.
7:27 of 3rd period - Shot Misses the Net.
8:06 of 3rd period - Slapshot by Andreas Athanasiou.
8:06 of 3rd period - Stopped by Andrei Vasilevskiy with a rebound.
8:08 of 3rd period - Snap shot by Andreas Athanasiou.
8:08 of 3rd period - Stopped by Andrei Vasilevskiy without a rebound.
8:09 of 3rd period - Ryan O'Reilly wins face-off versus Adam Henrique in Colorado Rockies zone.
8:09 of 3rd period - Ryan O'Reilly is hit by Anthony Deangelo.
8:21 of 3rd period - Snap shot by Jesper Bratt.
8:21 of 3rd period - Stopped by Logan Thompson without a rebound.
8:22 of 3rd period - William Karlsson wins face-off versus Ryan O'Reilly in San Jose Sharks zone.
8:29 of 3rd period - Wrist shot by Nikita Kucherov.
8:29 of 3rd period - Shot Blocked by Ryan Strome.
9:08 of 3rd period - Michael Bunting is hit by Roman Josi and loses puck.
9:27 of 3rd period - Snap shot by Andreas Athanasiou.
9:27 of 3rd period - Shot Blocked by Roman Josi.
9:29 of 3rd period - Snap shot by Nikita Zadorov.
9:29 of 3rd period - Deflect By Zachary Werenski.
9:29 of 3rd period - Stopped by Andrei Vasilevskiy without a rebound.
9:30 of 3rd period - Kevin Hayes wins face-off versus Nicholas Paul in Colorado Rockies zone.
9:30 of 3rd period - Kevin Hayes is hit by Joel Edmundson.
9:48 of 3rd period - Shea Theodore is hit by Nicholas Paul and loses puck.
10:20 of 3rd period - Wrist shot by Kevin Hayes.
10:20 of 3rd period - Shot Misses the Net.
10:26 of 3rd period - Shea Theodore is hit by Jacob Middleton and loses puck.
10:44 of 3rd period - Minor Penalty to Connor Murphy for Tripping.
10:45 of 3rd period - Tim Stutzle wins face-off versus Adam Henrique in San Jose Sharks zone.
11:27 of 3rd period - Wrist shot by Tim Stutzle.
11:27 of 3rd period - Stopped by Logan Thompson without a rebound.
11:28 of 3rd period - Ryan O'Reilly wins face-off versus Adam Henrique in San Jose Sharks zone.
11:29 of 3rd period - Wrist shot by David Pastrnak.
11:29 of 3rd period - Shot Blocked by Adam Henrique.
12:44 of 3rd period - Penalty to Connor Murphy is over, Connor Murphy is back on ice.
13:09 of 3rd period - Minor Penalty to Jacob Middleton for Tripping.
13:10 of 3rd period - Tim Stutzle wins face-off versus Adam Henrique in San Jose Sharks zone.
13:27 of 3rd period - Nikita Kucherov is hit by Joel Edmundson and loses puck.
13:53 of 3rd period - William Karlsson is hit by Roman Josi and loses puck.
14:27 of 3rd period - Anthony Deangelo is hit by Victor Hedman and loses puck.
14:58 of 3rd period - Wrist shot by David Pastrnak.
14:58 of 3rd period - Stopped by Logan Thompson with a rebound.
15:09 of 3rd period - Penalty to Jacob Middleton is over, Jacob Middleton is back on ice.
15:16 of 3rd period - Slapshot by Danton Heinen.
15:16 of 3rd period - Deflect By Mike Hoffman.
15:16 of 3rd period - Stopped by Andrei Vasilevskiy with a rebound.
15:18 of 3rd period - Snap shot by Danton Heinen.
15:18 of 3rd period - Shot Misses the Net.
15:20 of 3rd period - Slapshot by Connor Murphy.
15:20 of 3rd period - Deflect By Mike Hoffman.
15:20 of 3rd period - Shot Blocked by Quinn Hughes.
15:20 of 3rd period - Puck is out of play.
15:21 of 3rd period - Nicholas Paul wins face-off versus Kevin Hayes in Colorado Rockies zone.
15:22 of 3rd period - Snap shot by Andreas Athanasiou.
15:22 of 3rd period - Stopped by Andrei Vasilevskiy without a rebound.
15:23 of 3rd period - Nicholas Paul wins face-off versus Kevin Hayes in Colorado Rockies zone.
15:37 of 3rd period - Wrist shot by Kevin Hayes.
15:37 of 3rd period - Stopped by Logan Thompson without a rebound.
15:38 of 3rd period - William Karlsson wins face-off versus Kevin Hayes in San Jose Sharks zone.
15:51 of 3rd period - Backhand shot by Oliver Bjorkstrand.
15:51 of 3rd period - Shot Misses the Net.
16:06 of 3rd period - Minor Penalty to Anthony Deangelo for Tripping.
16:07 of 3rd period - Tim Stutzle wins face-off versus Adam Henrique in San Jose Sharks zone.
17:08 of 3rd period - Snap shot by Adam Henrique.
17:08 of 3rd period - Shot Blocked by Quinn Hughes.
18:06 of 3rd period - Penalty to Anthony Deangelo is over, Anthony Deangelo is back on ice.
18:10 of 3rd period - Slapshot by Anthony Deangelo.
18:10 of 3rd period - Stopped by Andrei Vasilevskiy with a rebound.
18:36 of 3rd period - Wrist shot by William Karlsson.
18:36 of 3rd period - Stopped by Andrei Vasilevskiy without a rebound.
18:37 of 3rd period - Nicholas Paul wins face-off versus Evgeny Kuznetsov in Colorado Rockies zone.
18:46 of 3rd period - Slapshot by Quinn Hughes.
18:46 of 3rd period - Stopped by Logan Thompson with a rebound.
18:48 of 3rd period - Wrist shot by Nick Schmaltz.
18:48 of 3rd period - Shot Misses the Net.
19:14 of 3rd period - Tim Stutzle is hit by Connor Murphy and loses puck.
Goals for this period are 0 for San Jose Sharks vs 0 for Colorado Rockies.
Shots for this period are 12 for San Jose Sharks vs 8 for Colorado Rockies.
Back to the Top